 Dungeon Crawl Stone Soup version 0.29.0-13-gc9e81de378 (webtiles) character file.

Game seed: 12162834859217568349

269 sanka the Trooper (level 6, 0/47 HPs)
             Began as a Djinni Hunter on Sept 9, 2022.
             Slain by Pikel
             ... wielding a +2 whip of freezing
              (5 damage)
             ... on level 3 of the Dungeon.
             The game lasted 00:04:17 (3212 turns).

sanka the Trooper (Djinni Hunter)                   Turns: 3212, Time: 00:04:18

Health: 0/47       AC:  2    Str: 10    XL:     6   Next: 46%
Gold:   212        EV: 12    Int: 12    God:
                   SH:  0    Dex: 17

rFire   + + .      SeeInvis .   a - +0 shortbow
rCold   x . .      Faith    .   (shield currently unavailable)
rNeg    . . .      Spirit   .   o - +0 robe of Ridgh {+Blink}
rPois   ∞          Reflect  .   (no helmet)
rElec   .          Harm     .   (no cloak)
rCorr   .          Rampage  .   (no gloves)
Will    .....                   (boots unavailable)
Stlth   ++........              (no amulet)
HPRegen 0.15/turn               (no ring)
MPRegen 0.00/turn               (no ring)

@: flying, very slightly contaminated
A: sickness immunity, fire resistance 2, cold vulnerability 1, float, innate
caster, HP casting, extra vitality 1
a: Evoke Blink


You were on level 3 of the Dungeon.
You visited 1 branch of the dungeon, and saw 4 of its levels.

You collected 212 gold pieces.


Innate Abilities, Weirdness & Mutations

You are immune to sickness and miasma.
You are immune to poison.
Your flesh is very heat resistant. (rF++)
You are vulnerable to cold. (rC-)
You float through the air rather than walking.
You learn spells naturally, not from books.
Your magical power is your life essence.
You have superior vitality. (+4 MHP)


   Skills:
 - Level 4.0 Fighting
 - Level 3.2 Ranged Weapons
 - Level 2.1 Dodging
 - Level 0.7 Stealth
 * Level 3.4 Spellcasting


You had 8 spell levels left.
You knew the following spells:

 Your Spells              Type           Power      Damage    Failure   Level
e - Apportation           Tloc           20%        N/A       5%          1
z - Searing Ray           Conj           20%        2d5       9%          2
Your spell library was empty.

Inventory:

Hand Weapons
 a - a +0 shortbow (weapon)
Armour
 o - the +0 robe of Ridgh (worn) {+Blink} +Blink: It lets you blink.
Scrolls
 b - 3 scrolls of immolation {!r}
 c - a scroll of vulnerability {unknown}
 d - 3 scrolls of identify {unknown}
 e - 2 scrolls of fog {unknown}
 g - a scroll of summoning {unknown}
 h - a scroll of magic mapping {unknown}
 i - a scroll of brand weapon {unknown}
 j - 2 scrolls of teleportation {unknown}
 k - a scroll of enchant weapon {unknown}
 n - a scroll of amnesia {unknown}
 r - a scroll of fear {unknown}
Potions
 f - 3 potions of invisibility {unknown}
 l - a potion of haste {unknown}
 m - a potion of flight {unknown}
 p - a potion of brilliance {unknown}
 q - a potion of curing {unknown}

Dungeon Overview and Level Annotations

Branches:
Dungeon (4/15)
 Temple: D:4-7

Altars:
Fedhas
Hepliaklqana
Uskayaw

Shops:
D:4 (

Annotations:
D:3 Pikel

.▒▒▒.............▒▒▒▒▒.▒ ▒.▒▒
.▒ ▒.▒.▒▒▒.▒...........▒▒▒▒
▒.▒▒ .▒
▒.▒...▒.......▒▒▒▒▒▒...▒ ▒.▒▒
.▒
▒.▒.▒.▒.▒▒▒.▒.▒▒▒▒▒▒...▒▒▒▒.▒▒
.▒
▒...........▒...^.............
.▒
▒.▒▒▒.▒.▒▒▒▒▒.▒▒▒▒▒.....▒▒▒.▒▒
.▒ ▒.....▒.▒ ▒.▒ ▒.....▒ ▒.▒▒
.▒ ▒▒▒▒▒▒▒.▒ ▒5▒▒▒▒▒...).▒
▒.▒▒ .▒ ▒.▒ ▒RK.......:.▒ ▒.▒▒
.▒ ▒.▒ ▒▒▒▒▒▒▒▒..▒▒▒ ▒.▒ .▒
▒.▒ ▒▒..▒▒ ▒.▒▒ .▒▒▒▒▒▒▒▒▒.▒
▒▒..▒ ▒... ...........▒
▒▒.▒▒▒▒▒▒ ▒▒▒▒▒▒▒▒▒▒▒▒
▒..▒.... ▒▒.▒.▒▒▒ ▒.▒.▒▒▒
▒.....▒


You could see Pikel and a lemure.


Message History

Nothing appears to happen.
Pikel completely misses you. The lemure completely misses you.
Aiming: Searing Ray (safe; 9% risk of failure)
Aim: Pikel, wielding a +2 whip of freezing and wearing a +0 robe (moderately wounded, 70% to hit)
The searing ray hits Pikel!
Pikel is heavily wounded. (Press . to maintain the ray.) Pikel hits you with a +2 whip of freezing.
Pikel freezes you. The lemure barely misses you.
Unknown command.
The searing ray hits Pikel!
Pikel is severely wounded.
Pikel closely misses you. The lemure closely misses you.
The searing ray hits Pikel.
Pikel is severely wounded.
Pikel hits you with a +2 whip of freezing!
* * * LOW HITPOINT WARNING * * *
Pikel freezes you.
* * * LOW HITPOINT WARNING * * *
The lemure hits you!
* * * LOW HITPOINT WARNING * * *
The searing ray hits Pikel.
Pikel is almost dead.
* * * LOW HITPOINT WARNING * * *
You finish channelling your searing ray.
Pikel hits you with a +2 whip of freezing.
You die...

Action                   |  1- 3 |  4- 6 || total
-------------------------+-------+-------++-------
 Fire: Shortbow          |    73 |   101 ||   174
 Cast: Searing Ray       |       |     7 ||     7
Armor: Leather armour    |     8 |     6 ||    14
       Robe              |       |     5 ||     5
Dodge: Dodged            |    25 |    32 ||    57

Levels and vault maps discovered:
D:1:      eino_arrival_druids_welcome, layout_basic,
          ebering_ecumenical_altar_ruins, hex_tiny
D:2:      layout_basic, basic_altar, roderic_serpentine_path
D:3:      layout_basic, fedhas_altar_3, nzn_hepliaklqana_mist_gate
D:4:      layout_rooms, overflow_temple_1_default, serial_shops,
          nicolae_shop_bloodbath_and_beyond, uniq_pikel

Notes
Turn   | Place    | Note
-------+----------+-------------------------------------------
     0 | D:1      | sanka the Djinni Hunter began the quest for the Orb.
     0 | D:1      | Reached XP level 1. HP: 18/18 MP: 0/0
    85 | D:1      | Reached XP level 2. HP: 24/24 MP: 0/0
   255 | D:1      | Reached skill level 1 in Spellcasting
   263 | D:1      | Found a faded altar of an unknown god.
   337 | D:1      | Reached XP level 3. HP: 28/29 MP: 0/0
   337 | D:1      | Learned a level 1 spell: Apportation
   582 | D:2      | Reached skill level 3 in Fighting
   694 | D:2      | Reached XP level 4. HP: 35/35 MP: 0/0
   951 | D:3      | Reached skill level 2 in Spellcasting
  1067 | D:2      | Reached XP level 5. HP: 41/41 MP: 0/0
  1067 | D:2      | Learned a level 2 spell: Searing Ray
  1223 | D:2      | Found a hide-covered altar of Uskayaw.
  2112 | D:3      | Found a blossoming altar of Fedhas.
  2159 | D:3      | Identified the +0 robe of Ridgh {+Blink}
  2219 | D:3      | Reached skill level 4 in Fighting
  2655 | D:3      | Found a hazy altar of Hepliaklqana.
  2962 | D:4      | Found Kefigh's Weapon Shop.
  2982 | D:4      | Reached XP level 6. HP: 36/47 MP: 0/0
  3039 | D:4      | Reached skill level 3 in Spellcasting
  3181 | D:4      | Noticed Pikel
  3212 | D:3      | Slain by Pikel

Vanquished Creatures
  A phantom (D:4)
  2 orc priests
  An orc wizard (D:4)
  5 adders
  A worm (D:2)
  6 orcs
  8 endoplasms
  A giant cockroach (D:3)
  A goblin (D:3)
  8 hobgoblins
  2 jackals (D:1)
  2 kobolds
  A quokka (D:1)
  9 ball pythons
  8 bats
  3 frilled lizards (D:3)
  5 rats
64 creatures vanquished.

Vanquished Creatures (others)
  5 fungi (D:3)
  3 plants (D:3)
8 creatures vanquished.

Grand Total: 72 creatures vanquished
